 Dungeon Crawl Stone Soup version 0.30-a0-6-g7c9e10e132 (webtiles) character file.

Game seed: 2986011632062235699

146 SensoryNuts the Chopper (level 5, -11/46 HPs)
             Began as a Draconian Fighter on Aug 22, 2022.
             Killed from afar by Natasha (12 damage)
             ... with a bolt of dispelling energy
             ... on level 2 of the Dungeon.
             The game lasted 00:01:41 (2962 turns).

SensoryNuts the Chopper (Draconian Fighter)         Turns: 2962, Time: 00:01:41

Health: -11/46     AC:  5    Str: 20    XL:     5   Next: 7%
Magic:  5/5        EV: 12    Int:  9    God:
Gold:   69         SH:  4    Dex: 10    Spells: 4/4 levels left

rFire   . . .      SeeInvis .    a - +1 war axe
rCold   . . .      Faith    .    b - +0 buckler
rNeg    . . .      Spirit   .    (body armour unavailable)
rPois   .          Reflect  .    (helmet restricted)
rElec   .          Harm     .    (no cloak)
rCorr   .          Rampage  .    (no gloves)
Will    .....                    (no boots)
Stlth   +.........               (no amulet)
HPRegen 0.15/turn                (no ring)
MPRegen 0.09/turn                (no ring)

@: no status effects
A: AC +5, unfitting armour, cold-blooded, wild magic 1
a: no special abilities


You were on level 2 of the Dungeon.
You visited 1 branch of the dungeon, and saw 2 of its levels.

You collected 69 gold pieces.

Inventory:

Hand Weapons
 a - a +1 war axe (weapon)
Armour
 b - a +0 buckler (worn)
Jewellery
 f - a ring of willpower
Scrolls
 d - a scroll of enchant weapon
 g - a scroll of noise {unknown}
 i - 3 scrolls of identify {unknown}
 k - a scroll of teleportation {unknown}
 l - a scroll of blinking {unknown}
 m - a scroll of butterflies {unknown}


   Skills:
 + Level 3.7 Fighting
 * Level 4.1 Axes
 + Level 3.3 Dodging
 + Level 0.1 Stealth
 + Level 3.4 Shields


You had 4 spell levels left.
You didn't know any spells.
Your spell library contained the following spells:

 Spells                   Type           Power      Damage    Failure   Level
 Freeze                   Ice            0%         1d3       56%         1
 Sandblast                Erth           0%         2d4       56%         1
 Passwall                 Tmut/Erth      0%         N/A       71%         2
 Frozen Ramparts          Ice            0%         1d1       89%         3
 Stone Arrow              Conj/Erth      0%         3d7       89%         3
 Hailstorm                Conj/Ice       0%         3d3       99%         4


Dungeon Overview and Level Annotations

Branches:
Dungeon (2/15)

Altars:

Shops:
D:2 [

Annotations:
D:2 Natasha


Innate Abilities, Weirdness & Mutations

Your plain brown scales are hard. (AC +5)
You cannot fit into any form of body armour.
You are cold-blooded and may be slowed by cold attacks.
Your spells are a little harder to cast, but a little more powerful.


Message History

Key pressed, stopping explore.
Natasha, Servant of Life and Death comes into view.
She is carrying a wand of quicksilver (5).
Natasha is nearby!
Natasha is nearby!
Natasha is nearby!
Natasha is nearby!
Natasha is nearby!
Natasha hisses angrily.
Natasha zaps a wand.
The bolt of dispelling energy hits you! Natasha closely misses you.
You closely miss Natasha. Natasha claws you but does no damage.
You hit Natasha.
Your tail-slap misses Natasha.
Natasha is lightly wounded.
Natasha misses you. Natasha casts a spell at you.
You feel yourself slow down.
You hit Natasha.
Natasha is lightly wounded.
Natasha zaps a wand.
The bolt of dispelling energy hits you.
Your magical effects are unravelling.
* * * LOW HITPOINT WARNING * * *
Natasha wildly gestures.
You feel disoriented. Natasha barely misses you.
Okay, then.
You aren't carrying any potions.
You barely miss Natasha.
Natasha is lightly wounded.
You feel yourself speed up. Natasha claws you but does no damage.
You block Natasha's attack.
You barely miss Natasha.
Natasha is lightly wounded.
Natasha zaps a wand.
The bolt of dispelling energy hits you!
* * * LOW HITPOINT WARNING * * *
Unknown command.
As you read the scroll labelled SUGGUE NUZON, it crumbles to dust.
It is a scroll of enchant weapon.
Your +0 war axe glows red for a moment.
Natasha zaps a wand.
The bolt of dispelling energy hits you!
You die...

....~~8~~. ########..# #.#....
.....~~~.. .......).###.#....
..<......#############......#...#
.....).......#<....###.....##..##
#######.............##..#####..##
#...............#..# #.###
#.....†.........#..#####.# #
#...............#.....##.# #
#..........@h...#.#.#..#.###
#...>.................##....
#...............#.##.......)
##.............##.##.###....
##...........###.##..##....
#.####.###### #.###..#.###
#.####.########.####.#...#
##....................#....
####...÷........#.##.....#....


You could see Natasha.

Vanquished Creatures
  Natasha (twice) (D:2)
  An adder (D:2)
  4 worms (D:2)
  5 dart slugs
  10 bats
  5 endoplasms (D:1)
  3 giant cockroaches
  4 goblins
  6 hobgoblins
  2 jackals (D:1)
  4 quokkas
  7 ball pythons
  A frilled lizard (D:1)
  5 kobolds
  2 rats (D:1)
61 creatures vanquished.

Notes
Turn   | Place    | Note
-------+----------+-------------------------------------------
     0 | D:1      | SensoryNuts the Draconian Fighter began the quest for the
                  | Orb.
     0 | D:1      | Reached XP level 1. HP: 19/19 MP: 1/1
    98 | D:1      | Reached XP level 2. HP: 23/26 MP: 2/2
   212 | D:1      | Found a large runed translucent door.
   212 | D:1      | Found a large runed translucent door.
   618 | D:1      | Found a faded altar of an unknown god.
  1202 | D:1      | Reached XP level 3. HP: 30/31 MP: 3/3
  1791 | D:2      | Reached skill level 3 in Axes
  1842 | D:2      | Found Jimo's Antique Armour Emporium.
  1988 | D:2      | Reached XP level 4. HP: 36/38 MP: 4/4
  2104 | D:2      | Noticed Natasha
  2108 | D:2      | Gained mutation: Your spells are a little harder to cast,
                  | but a little more powerful. [potion of mutation]
  2108 | D:2      | Gained mutation: You are agile. (Dex +4, Str/Int -1)
                  | [potion of mutation]
  2108 | D:2      | Lost mutation: You are agile. (Dex +4, Str/Int -1) [potion
                  | of mutation]
  2114 | D:2      | Killed Natasha
  2781 | D:2      | Noticed Natasha
  2795 | D:2      | Killed Natasha
  2796 | D:2      | Reached skill level 4 in Axes
  2796 | D:2      | Reached XP level 5. HP: 6/46 MP: 5/5
  2952 | D:2      | Noticed Natasha
  2961 | D:2      | HP: 1/46 [Natasha/bolt of dispelling energy (9)]
  2962 | D:2      | Killed from afar by Natasha

Illustrated notes

Levels and vault maps discovered:
D:1:      erik_arrival_cave_to_civilisation [erik_arrival_cave_to_temple],
          layout_loops_ring, dreamdust_ecumenical_altar_hidden_monk_grotto,
          reono_crystal_passage, chequers_serial_rivers_room_b
D:2:      minmay_recursive_quarters, layout_rooms, serial_shops,
          nicolae_shop_behind_doors, st_stairs_2, moated_statue, uniq_natasha

Skill      XL: |  1  2  3  4 |
---------------+-------------+-----
Dodging        | 3 |  3.3
Axes           | 3 4 |  4.1
Fighting       | |  3.7
Stealth        | |  0.1
Shields        | |  3.4

Action                   |  1- 3 |  4- 6 || total
-------------------------+-------+-------++-------
Melee: War axe           |    75 |    56 ||   131
       Tailslap          |     6 |     3 ||     9
  Use: Potion            |       |     4 ||     4
       Scroll            |       |     1 ||     1
Armor: Skin              |    50 |    15 ||    65
Dodge: Dodged            |    86 |    37 ||   123
Block: Buckler           |    30 |    13 ||    43

Table legend: (Time is in decaauts)
 A = Elapsed time spent in this place.
 B = Non-inter-level travel time spent in this place.
 C = Inter-level travel time spent in this place.
 D = Time resting spent in this place.
 E = Time spent auto-exploring this place.
 F = Levels seen in this place.
 G = Mean time per level.
                   A        B        C        D        E       F      G
               +--------+--------+--------+--------+--------+-----+--------+
         Total |   3031 |   2612 |    419 |      0 |   2299 |   2 | 1515.5 |
       Dungeon |   3031 |   2612 |    419 |      0 |   2299 |   2 | 1515.5 |
               +--------+--------+--------+--------+--------+-----+--------+

Top non-repeatable levels by time:
     D:1: 1817 daAuts
     D:2: 1214 daAuts
